 Dungeon Crawl Stone Soup version 0.24.1-11-gbbbb2193e6 (webtiles) character file.

Game seed: 3626680987850913967, levelgen mode: deterministic

9900 RaHiT the Frost Mage (level 11, -10/81 (84) HPs)
             Began as a Purple Draconian Ice Elementalist on May 11, 2020.
             Was a High Priest of Sif Muna.
             Mangled by a death ooze (17 damage)
             ... in a Gauntlet.
             The game lasted 01:21:14 (10158 turns).

RaHiT the Frost Mage (DrIE)                        Turns: 10158, Time: 01:21:14

HP:   -10/81 (84)   AC: 12    Str: 10    XL:     11   Next: 29%
MP:   10/24         EV: 14    Int: 19    God:    Sif Muna [*****.]
Gold: 501           SH:  5    Dex: 14    Spells: 16/28 levels left

rFire    . . .     SeeInvis .   D - +9 long sword "Heijudwont" {slice, *Contam rN++ Dex+2}
rCold    . . .     Gourm    .   X - +0 buckler
rNeg     + + .     Faith    .   (armour unavailable)
rPois    .         Spirit   .   (helmet restricted)
rElec    .         Reflect  .   Y - +0 cloak
rCorr    +         Harm     .   L - +0 pair of gloves
MR       +....     NoTele   +   Q - +2 pair of boots
Stlth    +++.......             O - amulet of regeneration
HPRegen  0.00/turn              t - ring of stealth
MPRegen  0.19/turn              n - ring of resist corrosion

@: non-regenerating, badly diseased
A: breathe power, unfitting armour, cold-blooded, AC +7
a: Breathe Dispelling Energy, Channel Magic, Forget Spell, Divine Exegesis,
Renounce Religion


You were in a Gauntlet.
You worshipped Sif Muna.
Sif Muna was extremely pleased with you.
You were hungry.

You visited 2 branches of the dungeon, and saw 13 of its levels.
You also visited: Gauntlet.

You collected 545 gold pieces.
You spent 44 gold pieces at shops.

Inventory:

Hand Weapons
 a - a +0 arbalest
 D - the +9 long sword "Heijudwont" (weapon) {slice, *Contam rN++ Dex+2}
   (You found it on level 9 of the Dungeon)

   It inflicts extra damage upon your enemies.
   It affects your dexterity (+2).
   It greatly protects you from negative energy.
   It causes magical contamination when unequipped.
 M - a cursed +3 halberd of freezing
 N - a +3 trident
Missiles
 q - a throwing net (quivered)
 P - 71 bolts
Armour
 L - a +0 pair of gloves (worn)
 Q - a +2 pair of boots (worn)
 X - a +0 buckler (worn)
 Y - a +0 cloak (worn)
Jewellery
 n - a ring of resist corrosion (right hand)
 t - a ring of stealth (left hand)
 O - an amulet of regeneration (around neck)
Wands
 o - a wand of acid (8)
 y - a wand of paralysis (18)
 C - a wand of flame (42)
 E - a wand of random effects (15)
 Z - a wand of enslavement (6)
Scrolls
 e - 4 scrolls of blinking
 h - 8 scrolls of remove curse
 j - a scroll of magic mapping
 k - 4 scrolls of fog
 p - a scroll of enchant armour
 x - 4 scrolls of fear
 B - 5 scrolls of teleportation {unknown}
 J - a scroll of holy word
 K - 4 scrolls of silence {unknown}
 V - a scroll of enchant weapon
Potions
 c - 4 potions of brilliance {unknown}
 d - 4 potions of lignification {unknown}
 g - 4 potions of magic {unknown}
 i - 5 potions of curing
 u - 5 potions of mutation
 v - 2 potions of heal wounds {unknown}
 z - a potion of degeneration {unknown}
 G - a potion of flight
 H - a potion of invisibility {unknown}
 I - 4 potions of might {unknown}
 R - a potion of cancellation {unknown}
Miscellaneous
 U - a box of beasts
Comestibles
 A - 22 rations
 S - 2 chunks of flesh


   Skills:
 + Level 4.1 Fighting
 - Level 5.0 Long Blades
 - Level 4.0 Dodging
 - Level 2.0 Stealth
 - Level 4.0 Shields
 * Level 9.3 Spellcasting
 - Level 2.0 Conjurations
 - Level 4.2 Summonings
 - Level 10.0 Ice Magic
 + Level 8.5 Evocations


You had 16 spell levels left.
You knew the following spells:

 Your Spells              Type           Power        Failure   Level  Hunger
a - Freeze                Ice            ####         1%          1    None
b - Ozocubu's Armour      Chrm/Ice       ####....     3%          3    None
c - Summon Ice Beast      Ice/Summ       #####...     4%          4    ###....
d - Throw Icicle          Conj/Ice       ####....     7%          4    ###....

Your spell library contained the following spells:

 Spells                   Type           Power        Failure   Level  Hunger
 Summon Butterflies       Summ           ####....     1%          1    None
 Throw Frost              Conj/Ice       ####..       1%          2    None
 Magic Dart               Conj           ###.         3%          1    None
 Call Canine Familiar     Summ           ####....     4%          3    None
 Searing Ray              Conj           ###...       5%          2    None
 Dazzling Spray           Conj/Hex       ##....       16%         3    None
 Iskenderun's Mystic Bla  Conj           ###.....     34%         4    ###....
 Force Lance              Conj/Tloc      ##......     45%         4    ###....
 Fulminant Prism          Conj/Hex       ##........   45%         4    ###....
 Summon Mana Viper        Hex/Summ       ###.....     67%         5    #####..
 Summon Hydra             Summ           ####......   100%        7    #######


Dungeon Overview and Level Annotations

Branches:
Dungeon (12/15)            Temple (1/1) D:4            Lair (0/6) D:11
    Orc (0/2) D:12        Gauntlet (1/1)

Altars:
Ashenzari
Cheibriados
Dithmenos
Elyvilon
Fedhas
Gozag
Hepliaklqana
Kikubaaqudgha
Nemelex Xobeh
Okawaru
Qazlal
Ru
Sif Muna
Trog
Uskayaw
Vehumet
Wu Jian
Xom
Yredelemnul
The Shining One

Shops:
D:7 %%*   D:11 ?

Annotations:
D:9 1 runed translucent door, exclusion: door, Teivard's ghost, novice HuCj Gauntlet 11 transporters, 3 runed translucent doors, exclusion: orange crystal statue


Innate Abilities, Weirdness & Mutations

You can breathe bolts of dispelling energy.
Your rich purple scales are hard. (AC +7)
You cannot fit into any form of body armour.
You are cold-blooded and may be slowed by cold attacks.


Message History

Confirm with . or Enter, or press ? or * to list all spells.
Okay, then.
Evoke which item? (* to show all) (? for menu, Esc to quit)
Okay, then.
Evoke which item? (* to show all) (? for menu, Esc to quit)
Okay, then.
Press: ? - help, v - describe, . - travel, g - get item
Here: a death ooze (heavily damaged)
A scroll labeled JAATWI SEANOGI.
The floor.
Evoke which item? (* to show all) (? for menu, Esc to quit)
Aiming: Corrosive Bolt
Press: ? - help, Shift-Dir - straight line, f - death ooze
Aim: a death ooze (heavily damaged)
The bolt of acid hits the death ooze.
The death ooze completely resists.
The death ooze is heavily damaged.
The death ooze hits you!
* * * LOW HITPOINT WARNING * * *
You feel ill.
You feel your flesh rotting away! The death ooze hits you!
You die...

≈≈#≈≈≈#..∩.8.∩..#≈≈≈#≈≈≈#
≈.....©.........©.....≈#
#.#########.#########.##
≈.#..##...#.#.......#.≈##
≈.#..4##..#.#..#....#.≈≈#
≈.#.#.^##.#.#.###...#.≈##
#.#.##©.#.#.#..#©#..#.##
≈.#..##...#.#...###Y#.≈##
≈.#..?##.3#.#...@#..#.≈≈#
≈.#43(©##.#.#.?.©JY.#.≈##
#.###################.##
≈....#©.........©#....≈##
≈..8.#.8.8.8.8.8.#.8..≈≈#
≈....#©.........©#....≈##
#.#########.#########.##
≈.#.#...G.#.#...©#53#.≈##
≈.#.#..##.#.#.##.#5.#.≈≈#


You could see a soul eater, a death ooze, a neqoxec, a shadow imp and a friendly
ice beast.

Vanquished Creatures
  Josephine (D:9)
  Erica (D:11)
  Maurice (D:11)
  A troll (D:9)
  Grinder (D:5)
  A hippogriff (D:9)
  A shadow (D:11)
  2 wraiths (D:10)
  6 yaks
  A warg (D:11)
  4 sky beasts
  3 orc warriors
  An ogre (D:11)
  An ice beast (D:9)
  A necrophage (D:11)
  A centaur (D:11)
  2 big kobolds
  5 bullfrogs
  A wight (D:7)
  A howler monkey (D:9)
  6 crimson imps
  A jelly (D:6)
  A quasit (D:9)
  A bullfrog skeleton (D:11)
  2 centaur skeletons (D:10)
  9 orc priests
  3 hounds
  Jessica (D:2)
  3 iguanas
  11 orc wizards
  5 worker ants
  A killer bee zombie (D:7)
  A hound skeleton (D:4)
  4 gnolls
  2 howler monkey skeletons
  15 adders
  3 shadow imps
  An adder zombie (D:10)
  An adder skeleton (D:4)
  4 worms
  3 dart slugs
  3 leopard geckos
  34 orcs
  4 bats
  3 giant cockroaches
  3 goblins (D:1)
  10 hobgoblins
  19 jackals
  18 kobolds
  4 quokkas
  2 ball pythons
  5 frilled lizards
  A giant cockroach zombie (D:5)
  A jackal skeleton (D:4)
  A leopard gecko skeleton (D:9)
  2 quokka skeletons
  A quokka zombie (D:3)
  15 rats
240 creatures vanquished.

Vanquished Creatures (collateral kills)
  2 two-headed ogres (D:11)
  Nergalle (D:11)
  Pikel (D:5)
  2 trolls
  A hippogriff (D:11)
  2 wraiths (D:10)
  2 yaks (D:11)
  Menkaure (D:5)
  A warg (D:11)
  An acid dragon (D:11)
  A phantom (D:4)
  2 orc warriors (D:11)
  A black bear (D:9)
  6 ogres
  A centaur (D:5)
  2 eyes of draining
  Blork the orc (D:5)
  A big kobold (D:11)
  A gnoll sergeant (D:10)
  A bullfrog (D:8)
  3 wights (D:7)
  2 quasits
  A jelly (D:6)
  3 orc wizards
  A worker ant (D:8)
  9 gnolls
  4 orcs
  8 kobolds
62 creatures vanquished.

Vanquished Creatures (others)
  A slave (D:5)
  An ogre (D:5)
  A jelly (D:5)
  Ijyb (D:5)
  A worker ant (D:5)
  A shadow imp (D:5)
  2 adder skeletons (D:5)
  A leopard gecko skeleton (D:5)
9 creatures vanquished.

Grand Total: 311 creatures vanquished

Notes
Turn   | Place    | Note
-------+----------+-------------------------------------------
     0 | D:1      | RaHiT the Draconian Ice Elementalist began the quest for
                  | the Orb.
     0 | D:1      | Reached XP level 1. HP: 14/14 MP: 3/3
   136 | D:1      | Reached XP level 2. HP: 20/20 MP: 3/5
   483 | D:1      | Reached XP level 3. HP: 18/26 MP: 0/6
   669 | D:2      | Learned a level 3 spell: Ozocubu's Armour
   989 | D:2      | Reached XP level 4. HP: 33/34 MP: 1/8
  1015 | D:2      | Reached skill level 4 in Ice Magic
  1023 | D:2      | Learned a level 4 spell: Summon Ice Beast
  1089 | D:2      | Reached skill level 1 in Fighting
  1172 | D:2      | Noticed Jessica
  1181 | D:2      | Killed Jessica
  1496 | D:3      | Reached skill level 1 in Summonings
  1502 | D:3      | Reached XP level 5. HP: 32/41 MP: 1/9
  2350 | D:4      | Found a staircase to the Ecumenical Temple.
  2357 | Temple   | Entered the Ecumenical Temple
  2518 | Temple   | Became a worshipper of Sif Muna the Loreminder
  2830 | D:4      | Reached skill level 5 in Ice Magic
  2909 | D:4      | Noticed a phantom
  3147 | D:4      | Found a shimmering altar of Xom.
  3153 | D:4      | Reached XP level 6. HP: 48/48 MP: 7/10
  3368 | D:4      | Found a hide-covered altar of Uskayaw.
  3486 | D:4      | Reached skill level 6 in Ice Magic
  3486 | D:4      | Your scales start taking on a rich purple colour.
  3486 | D:4      | Reached XP level 7. HP: 36/55 MP: 4/13
  3653 | D:4      | Learned a level 4 spell: Throw Icicle
  3936 | D:5      | Entered Level 5 of the Dungeon
  3954 | D:5      | Noticed Menkaure
  4143 | D:5      | Noticed Pikel
  4180 | D:5      | Killed Pikel
  4180 | D:5      | Reached * piety under Sif Muna
  4180 | D:5      | Reached skill level 5 in Spellcasting
  4205 | D:5      | Found a white marble altar of Elyvilon.
  4234 | D:5      | Noticed Blork the orc
  4240 | D:5      | Killed Blork the orc
  4240 | D:5      | Reached XP level 8. HP: 35/66 MP: 5/16
  4245 | D:5      | Reached skill level 1 in Evocations
  4252 | D:5      | Killed Menkaure
  4323 | D:5      | Killed Ijyb
  4490 | D:5      | Found a shattered altar of Ashenzari.
  4587 | D:5      | Noticed Grinder
  4638 | D:5      | Killed Grinder
  4646 | D:5      | Found an opulent altar of Gozag.
  4709 | D:5      | Found a hide-covered altar of Uskayaw.
  4894 | D:5      | Noticed a moth of wrath
  4896 | D:5      | Found a bloodstained altar of Trog.
  5286 | D:6      | Reached skill level 7 in Ice Magic
  5322 | D:6      | Reached ** piety under Sif Muna
  5323 | D:6      | Found a shadowy altar of Dithmenos.
  5727 | D:7      | Found Ovvak's Food Emporium.
  5787 | D:7      | Found Ycloah's General Store.
  5799 | D:7      | Bought a scroll of identify for 24 gold pieces
  5821 | D:7      | Reached XP level 9. HP: 65/71 MP: 14/18
  6048 | D:7      | Found Xuinlenk's Food Emporium.
  6127 | D:7      | Reached skill level 8 in Ice Magic
  6491 | D:8      | Found a radiant altar of Vehumet.
  6588 | D:8      | Reached skill level 5 in Evocations
  7337 | D:9      | Got a polished long sword
  7338 | D:9      | Identified the +9 long sword "Heijudwont" {slice, *Contam
                  | rN++ Dex+2} (You found it on level 9 of the Dungeon)
  7457 | D:9      | Found a runed translucent door.
  7458 | D:9      | Found a shimmering altar of Xom.
  7458 | D:9      | Noticed Teivard's ghost (novice HuCj)
  7458 | D:9      | Noticed a +0 mace of chaos
  7602 | D:9      | Reached skill level 1 in Long Blades
  7619 | D:9      | Reached *** piety under Sif Muna
  7624 | D:9      | Found an ancient bone altar of Kikubaaqudgha.
  7831 | D:9      | Noticed a troll
  7843 | D:9      | Killed a troll
  8212 | D:10     | Entered Level 10 of the Dungeon
  8300 | D:10     | Noticed Josephine
  8394 | D:9      | Killed Josephine
  8394 | D:9      | Reached XP level 10. HP: 50/78 MP: 4/22
  8517 | D:10     | Reached skill level 9 in Ice Magic
  8985 | D:10     | Reached skill level 1 in Shields
  9043 | D:11     | Noticed Maurice
  9049 | D:11     | Reached **** piety under Sif Muna
  9055 | D:11     | Killed Maurice
  9083 | D:11     | Noticed a two-headed ogre
  9089 | D:11     | Killed a two-headed ogre
  9158 | D:11     | Reached skill level 10 in Ice Magic
  9216 | D:11     | Noticed Erica
  9226 | D:11     | Killed Erica
  9226 | D:11     | Reached skill level 5 in Long Blades
  9258 | D:11     | Reached XP level 11. HP: 30/84 MP: 10/23
  9299 | D:11     | Found a staircase to the Lair.
  9365 | D:11     | Noticed Nergalle
  9380 | D:11     | Killed Nergalle
  9462 | D:11     | Found Hefox's Magic Scroll Shoppe.
  9465 | D:11     | Bought a scroll of identify for 20 gold pieces
  9556 | D:11     | Noticed a two-headed ogre
  9607 | D:11     | Killed a two-headed ogre
  9973 | D:12     | Found a gate leading to a gauntlet.
  9990 | D:12     | Reached ***** piety under Sif Muna
 10030 | Gauntlet | Entered a Gauntlet
 10030 | Gauntlet | Found a transporter.
 10030 | Gauntlet | Found a transporter.
 10038 | Gauntlet | Found a transporter.
 10042 | Gauntlet | Found a transporter.
 10050 | Gauntlet | Found a transporter.
 10050 | Gauntlet | Noticed a shining eye
 10054 | Gauntlet | Found a transporter.
 10065 | Gauntlet | Found a transporter.
 10065 | Gauntlet | Noticed a green death
 10081 | Gauntlet | Found a transporter.
 10083 | Gauntlet | Noticed an orange crystal statue
 10085 | Gauntlet | Found a transporter.
 10105 | Gauntlet | Found a transporter.
 10107 | Gauntlet | Found a runed translucent gate.
 10107 | Gauntlet | Found a runed translucent gate.
 10107 | Gauntlet | Found a runed translucent gate.
 10107 | Gauntlet | Noticed a soul eater
 10119 | Gauntlet | Found a transporter.
 10123 | Gauntlet | Found a transporter.
 10126 | Gauntlet | Noticed a death ooze
 10158 | Gauntlet | Mangled by a death ooze

Levels and vault maps discovered:
D:1:      eino_arrival_cavern_b, layout_rooms, minmay_small_reverse_x
D:2:      layout_basic, uniq_jessica
D:3:      layout_loops_ring, minmay_statues_item
D:4:      minmay_bubble_buster, layout_basic, led_xom_imps,
          eat_drink_and_be_merry_uskayaw, minmay_temple_entry_waves
D:5:      layout_loops_cross, tgw_trog, nicolae_overflow_hidden_temple,
          basic_altar, first_ration, minmay_misc_feat_alley,
          evilmike_ruin_ashenzari, uniq_blork_the_orc, uniq_ijyb, uniq_grinder,
          uniq_menkaure, uniq_pikel
D:6:      layout_basic, grunt_dithmenos_smoke, st_stairs_1,
          chequers_serial_rivers_micro_c
D:7:      layout_basic, serial_shops, nicolae_shop_crystal, shop_statue,
          nicolae_shop_behind_doors, ldierk_geyser
D:8:      layout_gridville, old_standard_altar
D:9:      layout_layer_cave, old_standard_altar, ebering_ghost_xom
D:10:     layout_gridville, uniq_josephine
D:11:     layout_irregular_city, erik_lair_orcish_takeover, serial_shops,
          nicolae_shop_behind_doors, uniq_maurice, uniq_nergalle, uniq_erica
D:12:     layout_basic, orc_0_dummy, gauntlet_entry_generic
Temple:   minmay_temple_forest_path
Gauntlet: minmay_gauntlet_77_indecision [minmay_gauntlet_arena_77_two_lines,
          minmay_gauntlet_arena_77_double_cross,
          minmay_gauntlet_arena_77_squiggly,
          minmay_gauntlet_arena_77_run_for_it,
          minmay_gauntlet_arena_77_hold_the_fort, minmay_gauntlet_arena_77_mess,
          gauntlet_exit_spiral]

Skill      XL: |  1  2  3  4  5  6  7  8  9 10 11 |
---------------+----------------------------------+-----
Stealth        | 2 |  2.0
Dodging        | 2 3 4 |  4.0
Spellcasting   | 3 4 5 6 8 9 |  9.3
Ice Magic      | 4 5 6 7 8 10 | 10.0
Fighting       | 1 2 4 |  4.1
Summonings     | 1 2 3 4 |  4.2
Evocations     | 3 6 8 |  8.5
Conjurations   | 2 |  2.0
Long Blades    | 3 5 |  5.0
Shields        | 3 4 |  4.0

Action                   |  1- 3 |  4- 6 |  7- 9 | 10-12 || total
-------------------------+-------+-------+-------+-------++-------
Melee: Unarmed           |    25 |    41 |       |       ||    66
       Tailslap          |     6 |     8 |    33 |    21 ||    68
       Dagger            |       |    29 |    72 |       ||   101
       Whip              |       |       |   155 |       ||   155
       Long sword        |       |       |    53 |   154 ||   207
 Fire: Arbalest          |       |       |     2 |       ||     2
Throw: Stone             |    28 |    59 |    70 |    13 ||   170
       Dart              |       |     3 |    12 |       ||    15
 Cast: Freeze            |    56 |   100 |    62 |       ||   218
       Summon Ice Beast  |       |     4 |    32 |    34 ||    70
       Ozocubu's Armour  |       |       |     9 |    13 ||    22
       Throw Icicle      |       |       |     1 |     2 ||     3
 Abil: Breathe Dispellin |       |       |    10 |     5 ||    15
Evoke: Wand              |       |       |     1 |     7 ||     8
  Use: Scroll            |     1 |     4 |     3 |     4 ||    12
 Stab: Sleeping          |       |     1 |     7 |     2 ||    10
       Confused          |       |       |     1 |       ||     1
       Distracted        |       |       |     1 |     1 ||     2
       Paralysed         |       |       |       |     3 ||     3
  Eat: Chunk             |     1 |     9 |    18 |     8 ||    36
       Ration            |       |       |     2 |       ||     2
Armor: Skin              |    20 |    35 |   102 |    78 ||   235
Dodge: Dodged            |    60 |    88 |   212 |   109 ||   469
Block: Buckler           |       |       |       |     9 ||     9
       Rpst.: Long sword |       |       |    14 |    30 ||    44
